 Dungeon Crawl Stone Soup version 0.25-a0-474-ga8a2ee3166 (webtiles) character file.

Game seed: 7233946185023725881, levelgen mode: deterministic

68471 Katashiro the Brawler (level 14, -11/143 (144) HPs)
             Began as a Troll Monk on Feb 7, 2020.
             Was the Champion of Jiyva.
             Engulfed by a death drake's foul pestilence (15 damage)
             ... on level 4 of the Swamp.
             The game lasted 01:47:56 (21156 turns).

Katashiro the Brawler (Troll Monk)                 Turns: 21156, Time: 01:47:57

HP:   -11/143 (144) AC: 29    Str: 25    XL:     14   Next: 86%
MP:   0/14          EV: 12    Int:  9    God:    Jiyva [******]
Gold: 981           SH: 21    Dex: 13    Spells: 9/13 levels left

rFire    + . .     SeeInvis .     - Unarmed
rCold    + + .     Gourm    +   X - +3 large shield {reflect}
rNeg     + . .     Faith    .   u - +6 shadow dragon scales of Decompression {rF+ MR+ Stlth++++}
rPois    .         Spirit   +   S - +2 hat of the Bear Spirit {Spirit, +Rage rN+ MR++}
rElec    .         Reflect  +   P - +2 cloak {MR+}
rCorr    +         Harm     .   (gloves unavailable)
MR       +++++                  (boots unavailable)
Stlth    +++.......             (no amulet)
HPRegen  0.73/turn              i - +5 ring of evasion
MPRegen  0.14/turn              I - +3 ring of dexterity

@: lethally poisoned (-11 -> -15), hasted and slowed, lightly drained, very slow
A: large, unfitting armour, claws 3, blurry vision 1, cold resistance 2, fast
metabolism 3, gourmand, high mp 1, regeneration 1, shaggy fur 1, tough skin 3,
wild magic 1
a: Request Jelly, Slimify, Cure Bad Mutation, Renounce Religion, Evoke Berserk
Rage


You were on level 4 of the Swamp.
You worshipped Jiyva.
Jiyva was exalted by your worship.
You were not hungry.

You visited 4 branches of the dungeon, and saw 21 of its levels.
You also visited: Trove.

You collected 981 gold pieces.

Inventory:

Missiles
 p - 41 poisoned darts
 x - 7 atropa-tipped darts (quivered)
 F - 3 datura-tipped darts
Armour
 u - the +6 shadow dragon scales of Decompression (worn) {rF+ MR+ Stlth++++}
   (Okawaru gifted it to you on level 7 of the Dungeon)

   It protects you from fire.
   It affects your resistance to hostile enchantments.
   It makes you much more stealthy.
   If you remove this armour, your AC will fall 20 points (29 -> 9)
 P - a +2 cloak of magic resistance (worn)
 S - the +2 hat of the Bear Spirit (worn) {Spirit, +Rage rN+ MR++}
   (You found it in a treasure trove)

   It protects you from negative energy.
   It affects your resistance to hostile enchantments.
   It lets you go berserk.
   If you remove this armour, your AC will fall 2 points (29 -> 27)
 X - a +3 large shield of reflection (worn)
Jewellery
 i - a +5 ring of evasion (left claw)
 q - an uncursed ring of flight {unknown}
 I - a +3 ring of dexterity (right claw)
 L - an uncursed amulet of the gourmand {unknown}
Wands
 d - a wand of enslavement (8)
 o - a wand of disintegration (4)
 w - a wand of acid (1)
 C - a wand of random effects (14)
 D - a wand of digging (8)
Scrolls
 a - a scroll of torment
 e - 6 scrolls of teleportation
 g - a scroll of silence {unknown}
 k - 2 scrolls of fog
 l - 4 scrolls of enchant weapon
 m - a scroll of blinking {unknown}
 n - 4 scrolls of magic mapping
 r - 3 scrolls of amnesia
 s - 8 scrolls of identify
 t - 3 scrolls of enchant armour
 y - 2 scrolls of immolation
 B - 2 scrolls of vulnerability {unknown}
 H - a scroll of acquirement {unknown}
 K - 3 scrolls of remove curse
 M - 3 scrolls of random uselessness {unknown}
Potions
 c - a potion of haste
 f - 2 potions of resistance {unknown}
 h - a potion of ambrosia
 j - a potion of curing
 z - 3 potions of magic
 A - 2 potions of flight
 E - 2 potions of agility
 J - 3 potions of lignification {unknown}
 O - a potion of cancellation {unknown}
Comestibles
 b - 39 rations


   Skills:
 + Level 10.7(10.5) Fighting
 + Level 9.2(9.0) Armour
 - Level 4.8(4.7) Dodging
 - Level 1.0(0.8) Stealth
 + Level 9.5(9.3) Shields
 * Level 16.7(16.4) Unarmed Combat


You had 9 spell levels left.
You knew the following spells:

 Your Spells              Type           Power        Failure   Level  Hunger
a - Animate Skeleton      Necr           N/A          100%        1    ##.....
b - Apportation           Tloc           #.....       100%        1    ##.....
c - Blink                 Tloc           N/A          100%        2    ###....

Your spell library contained the following spells:

 Spells                   Type           Power        Failure   Level  Hunger
 Corona                   Hex            #......      100%        1    ##.....
 Magic Dart               Conj           #...         100%        1    ##.....
 Summon Small Mammal      Summ           #...         100%        1    ##.....
 Call Imp                 Summ           #.......     100%        2    ###....
 Ensorcelled Hibernation  Hex/Ice        #.....       100%        2    ###....
 Passwall                 Tmut/Erth      #.......     100%        2    ###....
 Slow                     Hex            #.......     100%        2    ###....
 Confusing Touch          Hex            #.......     100%        3    ####...
 Conjure Flame            Conj/Fire      #.......     100%        3    ####...
 Dazzling Flash           Conj/Hex       #.....       100%        3    ####...
 Mephitic Cloud           Conj/Pois/Air  #.......     100%        3    ####...
 Tukima's Dance           Hex            #.......     100%        3    ####...
 Invisibility             Hex            #.......     100%        6    #######
 Shatter                  Erth           #.........   100%        9    #######


Dungeon Overview and Level Annotations

Branches:
Dungeon (11/15)            Temple (1/1) D:7            Lair (5/6) D:8
  Swamp (4/4) Lair:2       Spider (0/4) Lair:3        Slime (0/5) Lair:5
    Orc: D:9-12

Altars:
Ashenzari
Cheibriados
Dithmenos
Elyvilon
Fedhas
Gozag
Hepliaklqana
Kikubaaqudgha
Makhleb
Nemelex Xobeh
Okawaru
Qazlal
Ru
Sif Muna
Trog
Uskayaw
Vehumet
Wu Jian
Xom
Yredelemnul
Zin
The Shining One
Jiyva


Innate Abilities, Weirdness & Mutations

You are too large for most types of armour.
You have claws for hands.
Your metabolism is lightning-fast.
You like to eat raw meat.
Your natural rate of healing is unusually fast.
You are covered in fur. (AC +1)
You have extremely tough skin. (AC +3)
Scrolls take you a little longer to read.
Your flesh is very cold resistant. (rC++)
You have an increased reservoir of magic. (+10% MP)
Your spells are a little harder to cast, but a little more powerful.


Message History

The death drake bites you but does no damage.
You block the phantom's attack. The bone dragon bites you!
* * * LOW HITPOINT WARNING * * *
You block the bone dragon's attack. The bone dragon closely misses you.
The phantom blinks!
The death drake bites you but does no damage.
You enter the shallow water.
Moving in this stuff is going to be slow.
The jelly hits the phantom.
The phantom is splashed with acid.
You block the phantom's attack. The death drake breathes miasma at you.
The foul vapour engulfs you but does no damage.
The bone dragon bites you but does no damage.
The bone dragon misses you.
The bone dragon tramples you but does no damage.
The phantom blinks!
You are engulfed in dark miasma.
You are lethally poisoned!
You feel your flesh rotting away!
You die...

.§.♣♣ ♣♣.≈.≈...≈≈≈≈♣♣♣≈..≈≈♣♣♣♣
♣♣♣♣ ♣♣♣J...♣....≈≈§.♣§♣..♣♣♣≈≈♣♣
♣♣♣♣ ♣≈..≈≈.≈≈§≈.≈≈≈.≈≈..♣♣♣♣.≈≈♣
...♣ ♣♣♣.≈J≈≈≈≈≈≈≈≈≈≈≈...♣♣♣..≈≈≈
≈≈.♣ ♣♣♣≈≈≈≈.≈≈≈≈≈≈≈≈.≈..♣≈♣.≈≈≈≈
≈..♣♣♣≈≈≈≈≈§≈≈≈§..§≈≈.§..≈≈≈.≈≈§≈
<.♣≈....≈≈≈≈.≈≈°♣J....≈.≈♣≈♣≈♣♣≈.
≈♣♣.≈≈...≈≈.≈≈.WW°D°W.≈♣♣♣♣♣♣♣♣≈≈
♣♣♣≈≈≈..≈≈≈...≈≈@○k≈.♣♣♣ ♣♣.≈
.♣♣♣..≈.≈≈♣≈≈♣≈≈°§W≈≈≈♣ ♣.≈. .♣
♣≈..≈≈.♣♣♣♣≈≈≈≈§≈≈.♣ ♣♣♣♣♣..≈ ♣♣
♣♣≈≈≈J♣♣ ♣♣♣.≈≈≈≈.♣ ♣♣.♣≈≈≈♣. ♣
♣≈≈≈≈.♣♣♣ ♣♣.≈≈≈≈♣♣♣§≈≈≈≈≈≈≈
♣.≈≈≈♣♣≈♣♣ ♣♣♣♣♣.≈..♣♣♣.≈≈.≈♣
♣♣♣♣♣♣...♣♣♣♣≈..♣♣≈≈≈..♣.≈≈≈≈.
♣≈....≈..≈≈♣≈≈≈≈≈≈≈≈≈≈≈≈≈
♣♣♣♣♣.≈....♣.≈≈§≈≈≈≈≈≈≈≈≈


You could see a bone dragon, a death drake, 4 phantoms and 2 neutral jellies
(fellow slime).

Vanquished Creatures
  A thorn hunter (Swamp:3)
  The ghost of Enish the Quickloader, an adept GnAK of Lugonu (Swamp:2)
  A frost giant (Swamp:3)
  3 fire giants
  A deep elf sorcerer (Swamp:4)
  A very ugly thing (Swamp:3)
  3 stone giants
  Snorg (Lair:5)
  Josephine (Lair:4)
  6 hydras
  A catoblepas (Lair:4)
  Erica (D:8)
  3 ghost crabs
  A centaur warrior (D:10)
  12 alligators
  2 tengu warriors (Swamp:1)
  6 death yaks (Lair:3)
  3 deep elf knights
  An unseen horror (D:11)
  A spriggan druid (Swamp:3)
  3 deep elf archers
  A phantasmal warrior (Swamp:4)
  A swamp dragon (Swamp:2)
  An orc knight (Swamp:2)
  2 deep elf magi
  Pikel (D:7)
  5 ugly things (Swamp:3)
  4 black mambas
  15 elephants
  A centaur zombie (D:11)
  8 spiny frogs
  8 komodo dragons
  4 swamp worm zombies (Swamp:4)
  A tengu conjurer (D:10)
  2 hydra zombies (Swamp:4)
  Prince Ribbit (D:7)
  6 hornets
  2 alligator zombies (Swamp:4)
  12 tyrant leeches
  10 blink frogs
  13 bog bodies
  2 redbacks (Lair:3)
  5 spriggans
  5 wraiths
  2 wyverns
  2 shadows
  A fire elemental (Lair:1)
  4 hogs (D:10)
  12 yaks
  A basilisk (Lair:3)
  A human (D:10)
  A warg (Swamp:3)
  Menkaure (D:7)
  10 vampire mosquitoes
  17 swamp worms
  6 water moccasins
  14 porcupines
  8 orc warriors
  5 swamp drakes
  A black bear (D:8)
  3 ice beasts
  4 phantoms
  3 slaves (D:7)
  A swamp dragon zombie (Swamp:4)
  5 ogres
  4 sky beasts
  6 wolves (Lair:3)
  4 centaurs
  A big kobold (D:8)
  11 crocodiles
  15 bullfrogs
  A gnoll sergeant (D:6)
  A water moccasin skeleton (D:10)
  5 scorpions
  6 killer bees (D:8)
  2 electric eels
  A howler monkey (D:9)
  4 crimson imps
  2 bullfrog zombies
  A centaur skeleton (D:7)
  8 hounds
  7 orc priests
  Crazy Yiuf (D:2)
  2 bullfrog skeletons
  15 orc wizards
  Terence (D:2)
  4 iguanas
  4 worker ants
  A killer bee zombie (D:10)
  Robin (D:2)
  A worker ant zombie (D:8)
  A howler monkey skeleton (D:6)
  10 adders
  6 gnolls
  A swamp drake zombie (Swamp:4)
  4 shadow imps
  An ooze (D:3)
  An adder skeleton (D:6)
  A dart slug (D:4)
  A worm (D:5)
  5 leopard geckos
  43 orcs
  3 giant cockroaches
  11 hobgoblins
  2 jackals (D:4)
  7 quokkas
  A ball python (D:2)
  5 bats
  3 frilled lizards
  12 goblins
  10 kobolds
  A quokka skeleton (D:6)
  5 rats
  A plant (D:8)
509 creatures vanquished.

Vanquished Creatures (others)
  An alligator (Swamp:4)
  An orc knight (Swamp:3)
  A spiny frog (Swamp:3)
  6 slime creatures
  2 insubstantial wisps (Swamp:4)
  A swamp worm (Swamp:3)
  A swamp drake (Swamp:4)
  A slave (D:7)
  22 jellies
  A centaur zombie (D:9)
  A gnoll (D:7)
  A briar patch (Swamp:3)
  15 fungi
  A plant (D:8)
55 creatures vanquished.

Grand Total: 564 creatures vanquished

Notes
Turn   | Place    | Note
-------+----------+-------------------------------------------
     0 | D:1      | Katashiro the Troll Monk began the quest for the Orb.
     0 | D:1      | Reached XP level 1. HP: 22/22 MP: 0/0
   479 | D:1      | Found an ancient bone altar of Kikubaaqudgha.
   481 | D:1      | Found a shimmering altar of Xom.
   481 | D:1      | Found a hazy altar of Hepliaklqana.
   483 | D:1      | Found a hide-covered altar of Uskayaw.
   483 | D:1      | Found an iron altar of Okawaru.
   483 | D:1      | Found a blossoming altar of Fedhas.
   571 | D:1      | Reached XP level 2. HP: 26/29 MP: 1/1
   871 | D:2      | Found a glowing silver altar of Zin.
   871 | D:2      | Found a shimmering altar of Xom.
   871 | D:2      | Noticed an angel
   871 | D:2      | Noticed Terence
   877 | D:2      | Killed Terence
   877 | D:2      | Reached XP level 3. HP: 33/36 MP: 2/2
   980 | D:2      | Noticed Robin
   992 | D:2      | Killed Robin
   992 | D:2      | Reached skill level 4 in Unarmed Combat
  1005 | D:2      | Reached XP level 4. HP: 39/44 MP: 3/3
  1278 | D:2      | Found a runed translucent door.
  1279 | D:2      | Noticed Crazy Yiuf
  1516 | D:2      | Killed Crazy Yiuf
  1516 | D:2      | Reached XP level 5. HP: 25/53 MP: 4/4
  1577 | D:2      | You fall into a shaft and drop 2 floors!
  1749 | D:3      | Found a bloodstained altar of Trog.
  1749 | D:3      | Found a hazy altar of Hepliaklqana.
  1749 | D:3      | Found an iron altar of Okawaru.
  1749 | D:3      | Found an opulent altar of Gozag.
  1766 | D:3      | Became a worshipper of Warmaster Okawaru
  1766 | D:3      | Reached * piety under Okawaru
  1766 | D:3      | Reached ** piety under Okawaru
  1800 | D:4      | Noticed an ogre
  1920 | D:3      | Found a stormy altar of Qazlal.
  2653 | D:4      | Killed an ogre
  2653 | D:4      | Reached skill level 5 in Unarmed Combat
  2751 | D:4      | Reached XP level 6. HP: 61/61 MP: 5/5
  3134 | D:5      | Entered Level 5 of the Dungeon
  3262 | D:5      | Reached *** piety under Okawaru
  3262 | D:5      | Reached skill level 6 in Unarmed Combat
  3262 | D:5      | Reached XP level 7. HP: 44/68 MP: 6/6
  3455 | D:5      | Found a sacrificial altar of Ru.
  3894 | D:6      | Reached skill level 7 in Unarmed Combat
  4001 | D:6      | Reached **** piety under Okawaru
  4019 | D:6      | Reached XP level 8. HP: 79/79 MP: 7/7
  4422 | D:7      | Noticed Prince Ribbit
  4423 | D:7      | Noticed Menkaure
  4438 | D:7      | Reached skill level 5 in Fighting
  4438 | D:7      | Reached skill level 8 in Unarmed Combat
  4529 | D:7      | Killed Menkaure
  4529 | D:7      | Reached skill level 1 in Shields
  4546 | D:7      | Killed Prince Ribbit
  4546 | D:7      | Reached ***** piety under Okawaru
  4670 | D:7      | Noticed Pikel
  4688 | D:7      | Killed Pikel
  4688 | D:7      | Received a gift from Okawaru
  4688 | D:7      | Reached skill level 9 in Unarmed Combat
  4688 | D:7      | Reached XP level 9. HP: 78/88 MP: 8/8
  4691 | D:7      | Got bloodstained shadow dragon scales {god gift}
  4702 | D:7      | Identified the +6 shadow dragon scales of Decompression
                  | {rF+ MR+ Stlth++++} (Okawaru gifted it to you on level 7 of
                  | the Dungeon)
  4883 | D:7      | Reached skill level 1 in Armour
  5125 | D:7      | Found a staircase to the Ecumenical Temple.
  5238 | Temple   | Entered the Ecumenical Temple
  5623 | D:8      | Reached skill level 10 in Unarmed Combat
  6042 | D:8      | Found a staircase to the Lair.
  6048 | D:8      | Reached XP level 10. HP: 97/100 MP: 9/9
  6146 | D:8      | Noticed Erica
  6194 | D:8      | Killed Erica
  6194 | D:8      | Received a gift from Okawaru
  6194 | D:8      | Reached skill level 11 in Unarmed Combat
  6495 | D:8      | Found a hide-covered altar of Uskayaw.
  7343 | D:10     | Entered Level 10 of the Dungeon
  7581 | D:10     | Found a snail-covered altar of Cheibriados.
  7637 | D:10     | Paralysed by a hornet for 1 turns
  7642 | D:10     | Paralysed by a hornet for 1 turns
  7709 | D:10     | Reached skill level 5 in Shields
  7731 | D:10     | Reached XP level 11. HP: 98/109 MP: 10/10
  7807 | D:10     | Noticed a centaur warrior
  7836 | D:10     | Killed a centaur warrior
  7899 | D:10     | Identified Zanimus's Reference Book on the Fetching Rocks
  8166 | D:11     | Reached skill level 12 in Unarmed Combat
  8267 | D:11     | Found a portal to a secret trove of treasure.
  8278 | D:11     | Reached ****** piety under Okawaru
  8288 | Trove    | Entered a treasure trove
  8293 | Trove    | Found the +2 hat of the Bear Spirit {Spirit, +Rage rN+
                  | MR++}
  8312 | Trove    | Got shimmering gold dragon scales
  8320 | Trove    | Got an opalescent robe
  8322 | Trove    | Got a shimmering shield
  8330 | Trove    | Got a faintly glowing hat
  8346 | Trove    | Identified the +0 gold dragon scales of Gumiben {rPois rF+
                  | rC+ Str+3} (You found it in a treasure trove)
  8376 | Trove    | Identified the cursed +1 robe "Jigiur" {+Fly rCorr Str+5}
                  | (You found it in a treasure trove)
  8422 | Trove    | Identified the +0 hat of Too Many Cooks {Regen+} (You found
                  | it in a treasure trove)
  8444 | Trove    | Identified the +0 shield of the Clam {rElec rC+ rN+ Str-4}
                  | (You found it in a treasure trove)
  9271 | Lair:1   | Entered Level 1 of the Lair of Beasts
  9309 | Lair:1   | Reached skill level 5 in Armour
 10734 | Lair:2   | Found a staircase to the Swamp.
 11173 | Lair:2   | Gained mutation: You have a pair of small antennae on your
                  | head. [potion of mutation]
 11173 | Lair:2   | Gained mutation: Armour fits poorly on your strangely
                  | shaped body. [potion of mutation]
 11173 | Lair:2   | Gained mutation: You are resistant to hostile enchantments.
                  | (MR+) [potion of mutation]
 11175 | Lair:2   | Lost mutation: You are resistant to hostile enchantments.
                  | (MR+) [potion of mutation]
 11175 | Lair:2   | Lost mutation: Armour fits poorly on your strangely shaped
                  | body. [potion of mutation]
 11175 | Lair:2   | Lost mutation: You have a pair of small antennae on your
                  | head. [potion of mutation]
 11175 | Lair:2   | Gained mutation: Your body sometimes deteriorates upon
                  | taking damage. [potion of mutation]
 11175 | Lair:2   | Gained mutation: Scrolls take you a little longer to read.
                  | [potion of mutation]
 11175 | Lair:2   | Gained mutation: Your flesh is heat resistant. (rF+)
                  | [potion of mutation]
 11175 | Lair:2   | Gained mutation: You heal very quickly. [potion of
                  | mutation]
 11176 | Lair:2   | Lost mutation: Your flesh is heat resistant. (rF+) [potion
                  | of mutation]
 11176 | Lair:2   | Lost mutation: Scrolls take you a little longer to read.
                  | [potion of mutation]
 11176 | Lair:2   | Lost mutation: Your body sometimes deteriorates upon taking
                  | damage. [potion of mutation]
 11176 | Lair:2   | Gained mutation: You tend to lose your temper in combat.
                  | [potion of mutation]
 11176 | Lair:2   | Gained mutation: You passively map a small area around you.
                  | [potion of mutation]
 11178 | Lair:2   | Lost mutation: You tend to lose your temper in combat.
                  | [potion of mutation]
 11178 | Lair:2   | Lost mutation: You heal very quickly. [potion of mutation]
 11178 | Lair:2   | Lost mutation: You passively map a small area around you.
                  | [potion of mutation]
 11178 | Lair:2   | Gained mutation: You can translocate small distances at
                  | will. [potion of mutation]
 11178 | Lair:2   | Gained mutation: Your flesh is cold resistant. (rC+)
                  | [potion of mutation]
 11253 | Lair:3   | Reached skill level 13 in Unarmed Combat
 11261 | Lair:3   | Reached XP level 12. HP: 64/120 MP: 7/11
 11828 | Lair:3   | Noticed a death yak
 11828 | Lair:3   | Noticed a death yak
 11828 | Lair:3   | Noticed a death yak
 11828 | Lair:3   | Noticed a death yak
 11828 | Lair:3   | Noticed a death yak
 11828 | Lair:3   | Noticed a death yak
 11855 | Lair:3   | Killed a death yak
 11864 | Lair:3   | Killed a death yak
 11866 | Lair:3   | Killed a death yak
 11873 | Lair:3   | Killed a death yak
 11879 | Lair:3   | Killed a death yak
 11879 | Lair:3   | Received a gift from Okawaru
 11879 | Lair:3   | Reached skill level 14 in Unarmed Combat
 11886 | Lair:3   | Killed a death yak
 11945 | Lair:3   | Found a hole to the Spider Nest.
 12435 | Lair:4   | Noticed a five-headed hydra
 12452 | Lair:4   | Killed an 11-headed hydra
 12595 | Lair:4   | Reached XP level 13. HP: 112/131 MP: 10/12
 12641 | Lair:4   | Noticed Josephine
 12683 | Lair:4   | Killed Josephine
 13607 | Lair:5   | Noticed Snorg
 13624 | Lair:5   | Killed Snorg
 13698 | Lair:5   | Received a gift from Okawaru
 13738 | Lair:5   | Found a viscous altar of Jiyva.
 13738 | Lair:5   | Found a staircase to the Slime Pits.
 13751 | Lair:5   | Fell from the grace of Okawaru
 13751 | Lair:5   | Became a worshipper of Jiyva Jesm the Shapeless
 14022 | D:8      | Reached * piety under Jiyva
 14679 | D:6      | Reached ** piety under Jiyva
 15874 | D:2      | Reached *** piety under Jiyva
 16261 | D:7      | Gained mutation: You have large cloven feet. [Jiyva's
                  | grace]
 16339 | D:7      | Reached **** piety under Jiyva
 16636 | D:7      | Gained mutation: Scrolls take you a little longer to read.
                  | [Jiyva's grace]
 17167 | D:9      | Learned a level 1 spell: Animate Skeleton
 17169 | D:9      | Learned a level 1 spell: Apportation
 17172 | D:9      | Learned a level 2 spell: Blink
 17528 | D:11     | Gained mutation: You have a pair of small horns on your
                  | head. [Jiyva's grace]
 17531 | D:11     | Reached ***** piety under Jiyva
 17893 | Swamp:1  | Entered Level 1 of the Swamp
 17908 | Swamp:1  | Reached skill level 15 in Unarmed Combat
 18102 | Swamp:1  | Found a shimmering blue altar of Sif Muna.
 18149 | Swamp:1  | Lost mutation: You have a pair of small horns on your head.
                  | [Jiyva's grace]
 18302 | Swamp:1  | Noticed a fire giant
 18307 | Swamp:1  | Killed a fire giant
 18526 | Swamp:2  | Found a large runed translucent door.
 18526 | Swamp:2  | Found a large runed translucent door.
 18555 | Swamp:2  | Noticed Enish's ghost (adept GnAK)
 18598 | Swamp:2  | Killed Enish's ghost
 18609 | Swamp:2  | Noticed a fire giant
 18621 | Swamp:2  | Killed a fire giant
 18859 | Swamp:2  | Reached skill level 10 in Fighting
 18900 | Swamp:2  | Reached XP level 14. HP: 113/143 MP: 6/13
 18935 | Swamp:2  | Paralysed by a hornet for 3 turns
 19160 | Swamp:2  | Lost mutation: You have large cloven feet. [Jiyva's grace]
 19378 | Swamp:2  | Reached ****** piety under Jiyva
 19410 | Swamp:3  | Noticed a white very ugly thing
 19418 | Swamp:3  | Noticed Aizul
 19423 | Swamp:2  | Slimified Aizul
 19423 | Swamp:2  | Noticed Aizul
 19423 | Swamp:2  | Aizul changed into Aizul the azure jelly
 19601 | Swamp:3  | Noticed a thorn hunter
 19617 | Swamp:3  | Killed a thorn hunter
 19671 | Swamp:3  | Gained mutation: You have an increased reservoir of magic.
                  | (+10% MP) [Jiyva's grace]
 19693 | Swamp:3  | Reached skill level 16 in Unarmed Combat
 19785 | Swamp:3  | Lost mutation: You can translocate small distances at will.
                  | [Jiyva's grace]
 19795 | Swamp:3  | Killed a white very ugly thing
 19856 | Swamp:3  | Noticed a fire giant
 19867 | Swamp:3  | Killed a fire giant
 20089 | Swamp:3  | Noticed a stone giant
 20089 | Swamp:3  | Noticed a frost giant
 20094 | Swamp:3  | Killed a frost giant
 20105 | Swamp:3  | Killed a stone giant
 20297 | Swamp:4  | Entered Level 4 of the Swamp
 20556 | Swamp:4  | Gained mutation: Your spells are a little harder to cast,
                  | but a little more powerful. [Jiyva's grace]
 20577 | Swamp:4  | Gained mutation: Your flesh is very cold resistant. (rC++)
                  | [Jiyva's grace]
 21031 | Swamp:4  | Noticed a stone giant
 21031 | Swamp:4  | Noticed a deep elf sorcerer
 21031 | Swamp:4  | Noticed a stone giant
 21047 | Swamp:4  | Killed a deep elf sorcerer
 21060 | Swamp:4  | Killed a stone giant
 21068 | Swamp:4  | Killed a stone giant
 21145 | Swamp:4  | Noticed a bone dragon
 21152 | Swamp:4  | HP: 6/144 [death drake] (7)]
 21153 | Swamp:4  | HP: 2/144 [bone dragon (8)]
 21156 | Swamp:4  | Engulfed by a death drake's foul pestilence

Levels and vault maps discovered:
D:1:      saegor_arrival_simple_a, layout_loops_corners, minmay_misc_feat_chi,
          eino_curves_04, doesnt_xom_only_xom
D:2:      layout_rooms, grunt_temple_overflow_order_and_chaos_1, first_ration,
          kennysheep_decorative_pillar, uniq_robin, uniq_crazy_yiuf_cottage,
          uniq_terence
D:3:      layout_loops_cross, nicolae_qazlal_general_emergency,
          nicolae_overflow_hidden_temple
D:4:      layout_basic, kennysheep_small_circle
D:5:      layout_loops_cross, basic_altar, grunt_ministairs_9
D:6:      layout_gridville, kennysheep_generic_room_6
D:7:      statuecave_lemuel, layout_loops_ring, minmay_temple_entry_mist,
          uniq_menkaure, uniq_pikel, uniq_prince_ribbit1
D:8:      layout_basic, marbit_many_paths, due_lair_maze_entry_diamond,
          uniq_erica
D:9:      layout_basic
D:10:     minmay_blocky_corners, layout_loops_ring, grunt_livestock,
          minmay_crystal_room, cheibriados_altar_1
D:11:     layout_small_grid, nicolae_trove_entry_free_sample
Temple:   nicolae_temple_great_sept
Lair:1:   layout_gridlike, chequers_serial_rivers_micro_b,
          minmay_stone_trees_small
Lair:2:   layout_layer_cave, minmay_swamp_entry_worms
Lair:3:   layout_regular_city, spider_nest_entry_a, beast_lair_carwin_4,
          grunt_megastairs_4, infiniplex_staircase_pool
Lair:4:   layout_cave_pods, uniq_josephine
Lair:5:   layout_cave_pods, slime_altar_1, beast_lair_carwin_9,
          serial_bayou_shore_b, lemuel_fruit_fields, uniq_snorg
Swamp:1:  layout_basic_swamp, lemuel_altar_in_water, swamp_pool1,
          hangedman_swamp_wriggling, uniq_jorgrun
Swamp:2:  layout_falls_marsh, ebering_ghost_disaster_area,
          evilmike_swamp_ruin_house_4
Swamp:3:  layout_basic_swamp, nicolae_swamp_fairy_circle, uniq_aizul
Swamp:4:  swamp_pestilence, layout_basic_swamp

Skill      XL: |  1  2  3  4  5  6  7  8  9 10 11 12 13 14 |
---------------+-------------------------------------------+-----
Unarmed Combat | 4 5 6 7 9 10 11 13 14 15 16 | 16.7
Fighting       | 3 4 5 6 7 8 9 10 | 10.7
Dodging        | 3 4 |  4.8
Shields        | 2 3 5 6 7 8 9 |  9.5
Armour         | 2 4 5 7 8 9 |  9.2
Stealth        | |  1.0

Action                   |  1- 3 |  4- 6 |  7- 9 | 10-12 | 13-15 || total
-------------------------+-------+-------+-------+-------+-------++-------
Melee: Unarmed           |    53 |   138 |   352 |   699 |   839 ||  2081
       Punch             |     2 |     1 |     6 |       |       ||     9
       Kick              |       |       |       |       |    98 ||    98
       Headbutt          |       |       |       |       |     6 ||     6
Throw: Dart              |       |     6 |       |     3 |     5 ||    14
Invok: Heroism           |       |       |     1 |     2 |       ||     3
       Request Jelly     |       |       |       |       |     6 ||     6
       Slimify           |       |       |       |       |     3 ||     3
 Abil: Evoke Berserk Rag |       |       |       |       |     1 ||     1
Evoke: Wand              |       |       |       |     4 |    35 ||    39
  Use: Scroll            |       |     2 |     1 |    13 |       ||    16
       Potion            |       |       |       |    12 |    12 ||    24
 Stab: Sleeping          |     1 |     4 |    11 |     9 |     5 ||    30
       Distracted        |       |       |       |     2 |     1 ||     3
  Eat: Chunk             |    14 |    21 |    26 |    59 |    35 ||   155
       Ration            |       |       |       |       |     3 ||     3
Armor: Robe              |    30 |    48 |    30 |       |       ||   108
       Shadow dragon sca |       |       |    83 |   258 |   457 ||   798
Dodge: Dodged            |    28 |    94 |   160 |   199 |   254 ||   735
Block: Shield            |       |       |   110 |    90 |       ||   200
       Large shield      |       |       |       |   413 |   823 ||  1236
       Reflection        |       |       |       |     2 |    23 ||    25

Table legend:
 A = Non-vault XP
 B = Vault XP
 C = Vault XP percentage of total XP
 D = Non-vault monster count
 E = Vault monster count
 F = Vault count percentage of total count
                 A         B        C        D         E       F
            +---------+---------+-------+---------+---------+-------
      Total |   75653 |   22163 |  22.7 |     383 |      96 |  20.0
            +---------+---------+-------+---------+---------+-------
        D:1 |      15 |       0 |   0.0 |      10 |       0 |   0.0
        D:2 |      99 |     116 |  54.0 |      24 |      15 |  38.5
        D:3 |      20 |       0 |   0.0 |      10 |       0 |   0.0
        D:4 |     165 |       4 |   2.4 |       5 |       1 |  16.7
        D:5 |     614 |      56 |   8.4 |      11 |       4 |  26.7
        D:6 |     715 |      83 |  10.4 |      29 |       1 |   3.3
        D:7 |    1486 |     941 |  38.8 |      33 |       3 |   8.3
        D:8 |    1781 |    2096 |  54.1 |      40 |      11 |  21.6
        D:9 |    1519 |       0 |   0.0 |      23 |       0 |   0.0
       D:10 |     568 |    2778 |  83.0 |       6 |      11 |  64.7
       D:11 |    2799 |       0 |   0.0 |      24 |       0 |   0.0
     Lair:1 |    2157 |       0 |   0.0 |      10 |       0 |   0.0
     Lair:2 |    2946 |     601 |  16.9 |      14 |       3 |  17.6
     Lair:3 |   12701 |    1471 |  10.4 |      35 |      10 |  22.2
     Lair:4 |    8983 |    1946 |  17.8 |      18 |       5 |  21.7
     Lair:5 |     194 |    3082 |  94.1 |       2 |       8 |  80.0
    Swamp:1 |    7060 |    1081 |  13.3 |      17 |       5 |  22.7
    Swamp:2 |    8593 |    1880 |  18.0 |      23 |       1 |   4.2
    Swamp:3 |   16818 |       0 |   0.0 |      30 |       0 |   0.0
    Swamp:4 |    6420 |    6028 |  48.4 |      19 |      18 |  48.6
            +---------+---------+-------+---------+---------+-------
